 Dungeon Crawl Stone Soup version 0.19.0-20-gbc5f0c6 (webtiles) character file.

72 Apogee the Chopper (level 4, -6/42 HPs)
             Began as a Deep Dwarf Fighter on Nov 16, 2016.
             Mangled by an orc warrior
             ... wielding a +0 dire flail
              (8 damage)
             ... on level 3 of the Dungeon.
             The game lasted 00:06:36 (1577 turns).

Apogee the Chopper (Deep Dwarf Fighter)             Turns: 1577, Time: 00:06:37

Health: -6/42      AC:  8    Str: 21    XL:     4   Next: 7%
Magic:  4/4        EV:  7    Int:  8    God:
Gold:   40         SH:  9    Dex: 12    Spells: 0 memorised, 3 levels left

rFire  . . .     SeeInvis .     a - +0 war axe
rCold  . . .     Gourm    .     b - +0 scale mail
rNeg   . . .     Faith    .     c - +0 shield
rPois  .         Spirit   .     (no helmet)
rElec  .         Reflect  .     s - +0 cloak
rCorr  .         Harm     .     (no gloves)
MR     .....                    (no boots)
Stlth  ..........               (no amulet)
                                (no ring)
                                (no ring)

@: non-regenerating
A: damage resistance, recharge devices, sense surroundings 1, slow regeneration
3
a: Device Recharging


You were on level 3 of the Dungeon.
You were very hungry.

You visited 1 branch of the dungeon, and saw 3 of its levels.

You collected 40 gold pieces.

Inventory:

Hand Weapons
 a - a +0 war axe (weapon)
Missiles
 h - 65 stones (quivered)
 u - 8 curare-tipped needles
Armour
 b - a +0 scale mail (worn)
 c - a +0 shield (worn)
 q - a +0 shield
 s - a +0 cloak (worn)
Jewellery
 o - an uncursed ring of resist corrosion {unknown}
 r - an uncursed ring of resist corrosion {unknown}
Wands
 e - a wand of heal wounds (4/9)
 w - a wand of digging (1/24)
Scrolls
 i - a scroll of amnesia {unknown}
 l - 3 scrolls of remove curse {unknown}
 m - a scroll of noise {unknown}
 n - a scroll of random uselessness {unknown}
 p - 3 scrolls of identify {unknown}
 v - a scroll of teleportation {unknown}
Potions
 d - 2 potions of might
 g - a potion of heal wounds {unknown}
 j - a potion of berserk rage {unknown}
 k - 2 potions of flight {unknown}
Comestibles
 f - 2 bread rations
 t - a meat ration


   Skills:
 * Level 3.5 Fighting
 + Level 3.8 Axes
 - Level 0.1 Throwing
 - Level 3.2 Armour
 - Level 0.2 Dodging
 - Level 3.2 Shields


You had 3 spell levels left.
You didn't know any spells.

Dungeon Overview and Level Annotations

Branches:
Dungeon (3/15)

Altars:
Cheibriados
Dithmenos
Nemelex Xobeh


Innate Abilities, Weirdness & Mutations

You are resistant to damage.
You can recharge devices by infusing magical energy.
You passively map a small area around you.
You do not regenerate.


Message History

The orc throws a tomahawk.
The tomahawk closely misses you.
You see here a tomahawk.
You block the orc warrior's attack.
Something unseen opens the door.
You completely miss the orc warrior.
The orc warrior is lightly wounded.
The orc warrior hits you but does no damage.
You hit the orc warrior.
The orc warrior is moderately wounded.
The orc warrior barely misses you.
You closely miss the orc warrior.
The orc warrior is moderately wounded.
The orc warrior hits you with a dire flail!!
* * * LOW HITPOINT WARNING * * *
The orc priest looks satisfied for a moment.
The orc warrior hits you with a dire flail!
* * * LOW HITPOINT WARNING * * *
Your shield and scale mail prevent you from hitting the orc warrior.
The orc warrior is moderately wounded.
The orc warrior hits you with a dire flail!
You die...

, * * *, , , , , ,
* , ***** *, , * .
, ... , #....
############......
, ,
......goo@....#*
.......o####......
.####.oo# ,..... *
*,,#...# ,#.......
, *# .'..## #.?..(.
,
..####.o#,,,#....(.
...P...g#, #....,.
,, ,
#.....o.+,,,#.oo
#.####..## *#go , *


You could see an orc warrior, an orc wizard, 2 orcs and a goblin.

Vanquished Creatures
  Jessica (D:3)
  3 worms (D:2)
  2 orcs (D:3)
  4 giant cockroaches
  3 goblins
  2 hobgoblins (D:1)
  5 kobolds
  3 quokkas
  3 bats
  3 frilled lizards
  6 rats
35 creatures vanquished.

Notes
Turn   | Place    | Note
-------+----------+-------------------------------------------
     0 | D:1      | Apogee the Deep Dwarf Fighter began the quest for the Orb.
     0 | D:1      | Reached XP level 1. HP: 20/20 MP: 1/1
   397 | D:1      | Reached XP level 2. HP: 26/28 MP: 2/2
  1047 | D:2      | Found a shadowy altar of Dithmenos.
  1091 | D:2      | Reached XP level 3. HP: 11/34 MP: 3/3
  1437 | D:3      | Found a sparkling altar of Nemelex Xobeh.
  1438 | D:3      | Found a snail-covered altar of Cheibriados.
  1462 | D:3      | Noticed Jessica
  1466 | D:3      | Killed Jessica
  1493 | D:3      | Reached XP level 4. HP: 37/42 MP: 4/4
  1542 | D:3      | Noticed an orc warrior
  1576 | D:3      | HP: 2/42 [orc warrior/dire flail (7)]
  1577 | D:3      | Mangled by an orc warrior

Skill      XL: |  1  2 |
---------------+-------+-----
Fighting       | 3 |  3.5
Axes           | 3 |  3.8
Throwing       | |  0.1
Armour         | |  3.2
Dodging        | |  0.2
Shields        | |  3.2

Action                   |  1- 3 |  4- 6 || total
-------------------------+-------+-------++-------
Melee: War axe           |    72 |    20 ||    92
Throw: Stone             |    82 |     6 ||    88
Evoke: Wand              |     1 |       ||     1
  Eat: Chunk             |     1 |       ||     1
Armor: Scale mail        |    20 |     9 ||    29
Dodge: Dodged            |    19 |     4 ||    23
Block: Shield            |    26 |    13 ||    39
